 Dungeon Crawl Stone Soup version 0.19-a0-1341-g3513869 (webtiles) character file.

14711 4thArraOfDagon the Brawler (level 11, -4/97 HPs)
             Began as a Troll Ice Elementalist on Sept 1, 2016.
             Was a Follower of Fedhas.
             Killed by divine providence
             ... invoked by a meliai
              (12 damage)
             ... on level 13 of the Dungeon.
             The game lasted 00:35:46 (5448 turns).

4thArraOfDagon the Brawler (Troll Ice Elementalist) Turns: 5448, Time: 00:35:46

Health: -4/97      AC:  7    Str: 18    XL:     11   Next: 92%
Magic:  0/16       EV: 11    Int: 12    God:    Fedhas [*.....]
Gold:   446        SH:  0    Dex: 13    Spells: 1 memorised, 11 levels left

rFire  . . .     SeeInvis .       - Unarmed
rCold  . . .     Gourm    +     n - +2 robe
rNeg   . . .     Faith    .     (no shield)
rPois  .         Spirit   +     (helmet restricted)
rElec  .         Dismiss  .     (no cloak)
rCorr  .         Reflect  .     (gloves unavailable)
MR     +....     Harm     .     (boots unavailable)
Stlth  +.........               i - amulet of guardian spirit
                                h - +3 ring of dexterity
                                s - ring of protection from magic

@: very slightly contaminated, hasted, very quick
A: unfitting armour, claws 3, dopey 1, fast metabolism 3, gourmand, regeneration
1, shaggy fur 1, tough skin 2, subdued magic 1
a: Evolution, Renounce Religion


You were on level 13 of the Dungeon.
You worshipped Fedhas.
Fedhas was aware of your devotion.
You were not hungry.

You visited 1 branch of the dungeon, and saw 13 of its levels.
You also visited: Labyrinth and Sewer.

You collected 592 gold pieces.
You spent 146 gold pieces at shops.

Inventory:

Hand Weapons
 w - a +0 giant spiked club
 H - a +3 hand axe of flaming
 L - a +0 blowgun
Missiles
 y - 7 large rocks (quivered)
 J - 10 javelins
 K - 13 curare-tipped needles
Armour
 a - a +0 robe
 n - a +2 robe (worn)
 p - a troll hide
Magical Staves
 D - an uncursed staff of air
Jewellery
 e - an uncursed amulet of the gourmand
 f - a +1 ring of evasion
 h - a +3 ring of dexterity (right claw)
 i - an amulet of guardian spirit (around neck)
 s - a ring of protection from magic (left claw)
 v - an uncursed ring of positive energy
 A - an uncursed ring of flight
 B - an uncursed ring of wizardry
 F - a +3 ring of intelligence
Wands
 E - a wand of slowing (28/48)
 M - a wand of random effects (30/48)
 N - a wand of polymorph (8/24)
 O - a wand of teleportation (4/9)
 P - a wand of iceblast (5/15)
 U - a wand of iceblast (3/15)
 V - a wand of iceblast (1/15)
Scrolls
 k - 2 scrolls of random uselessness
 t - 4 scrolls of remove curse
 x - a scroll of recharging
 C - 4 scrolls of blinking
 Q - a scroll of noise {unknown}
 S - a scroll of silence {unknown}
Potions
 j - a potion of ambrosia
 l - a potion of brilliance
 m - a potion of cure mutation
 o - a potion of haste
 q - a potion of magic {unknown}
 r - a potion of cancellation
 G - a potion of flight
 R - a potion of degeneration {unknown}
 T - a potion of agility {unknown}
Books
 b - a book of Frost

   Spells                             Type                      Level
   a - Freeze                         Ice                          1
   b - Throw Frost                    Conjuration/Ice              2
   c - Ozocubu's Armour               Charms/Ice                   3
   d - Throw Icicle                   Conjuration/Ice              4
   e - Summon Ice Beast               Ice/Summoning                4
Miscellaneous
 u - a phial of floods (inert)
Comestibles
 c - 5 bread rations
 d - 2 meat rations
 I - 15 fruits


   Skills:
 + Level 3.1 Fighting
 + Level 3.5 Dodging
 - Level 1.1 Stealth
 * Level 15.0 Unarmed Combat
 - Level 1.2 Spellcasting
   Level 0.6 Conjurations
 - Level 2.1 Ice Magic
 + Level 8.9 Invocations


You had 11 spell levels left.
You knew the following spells:

 Your Spells              Type           Power        Failure   Level  Hunger
a - Freeze                Ice            #...         10%         1    ##.....


Dungeon Overview and Level Annotations

Branches:
Dungeon (13/15)              Lair (0/6) D:10
 Temple: D:4-7          Orc: D:9-12      Vaults: D:13-14

Altars:
Ashenzari
Fedhas
Gozag
Kikubaaqudgha
Vehumet
Yredelemnul
Zin

Shops:
D:7 %   D:11 **(*

Annotations:
D:3 azzavlup's ghost, amateur OgGl
D:5 Dowan; Duvessa
D:9 4thArraOfDagon's ghost, novice TrIE
D:12 Nergalle


Innate Abilities, Weirdness & Mutations

You are too large for most types of armour.
You have claws for hands.
Your metabolism is lightning-fast.
You like to eat raw meat.
Your natural rate of healing is unusually fast.
You are covered in fur. (AC +1)
You have very tough skin. (AC +2)
You are dopey. (Int -2)
Your spells are a little easier to cast, but a little less powerful.


Message History

The meliai calls down the wrath of its god upon you.
Something smites you!
* * * LOW HITPOINT WARNING * * *
You are very lightly contaminated with residual magic.
Unknown command.
You feel better. The meliai hits you with a hand axe.
* * * LOW HITPOINT WARNING * * *
The meliai barely misses you.
Unknown command.
Evoke which item? (* to show all) (? for menu, Esc to quit)
Okay, then.
You barely miss the meliai. The meliai closely misses you.
The meliai barely misses you.
Unknown command.
You scratch the meliai.
The meliai is moderately wounded.
The meliai invokes the aid of its god against you.
Something smites you!
You die...
Fedhas appreciates your contribution to the ecosystem.

#))รท.).........#.#.#
#(#####.#.y....#.#.#
#.# #.###.#..#.#.#
#.# #........#.#.#
#)# #####.#.##.#.#
#.# #y#....#.# #.#
#.######.# #.#
#.######.# #.#
#..)@y...# #.#
########## #.# #)#
#<# #.# ###


You could see a meliai.

Vanquished Creatures
  A minotaur (Lab)
  A hydra (D:8)
  A centaur warrior (D:13)
  An unseen horror (D:9)
  Pikel (D:4)
  4 hill giants
  A deep elf mage (D:12)
  2 cyclopes (D:11)
  A gargoyle (D:12)
  A kobold demonologist (D:9)
  2 meliai (D:13)
  2 trolls
  2 dream sheep (D:8)
  2 wraiths
  2 yaks (D:8)
  A wyvern (D:12)
  4 hippogriffs
  4 hungry ghosts
  A water moccasin (D:8)
  A soldier ant (D:12)
  3 ice beasts
  3 orc warriors
  A sky beast (D:7)
  A wasp (D:8)
  2 black bears
  A necrophage (D:7)
  A phantom (D:7)
  10 centaurs
  A crocodile (D:10)
  4 big kobolds
  2 gnoll sergeants
  2 giant frogs
  A wyvern zombie (D:9)
  2 scorpions
  5 wights
  4 killer bees
  A crimson imp (D:9)
  2 giant frog zombies
  A jelly (D:8)
  2 orc priests
  5 hounds
  A centaur zombie (D:11)
  A giant frog skeleton (D:9)
  7 iguanas
  5 orc wizards
  Terence (D:2)
  12 worker ants
  A hound skeleton (D:8)
  A worker ant zombie (D:7)
  4 gnolls
  2 howler monkey skeletons
  8 adders
  5 river rats
  A shadow imp (D:12)
  2 adder skeletons
  4 giant geckos
  17 orcs
  3 ball pythons
  2 bats
  3 giant cockroaches
  3 goblins (D:2)
  3 hobgoblins
  5 jackals
  2 quokkas
  10 giant newts
  A jackal skeleton (D:7)
  A kobold (D:2)
  15 rats
209 creatures vanquished.

Vanquished Creatures (collateral kills)
  Erolcha (D:11)
  An ugly thing (D:11)
  2 killer bees (D:11)
  A howler monkey (D:11)
  A hound (D:11)
  3 orcs (D:11)
9 creatures vanquished.

Vanquished Creatures (others)
  An oklob plant (D:11)
  3 wandering mushrooms (D:11)
  2 wights (D:9)
  An orc priest (D:9)
  A shadow imp (D:9)
  7 orcs (D:9)
  2 plants (D:11)
  78 toadstools
95 creatures vanquished.

Grand Total: 313 creatures vanquished

Notes
Turn   | Place    | Note
-------+----------+-------------------------------------------
     0 | D:1      | 4thArraOfDagon the Troll Ice Elementalist began the quest for the Orb.
     0 | D:1      | Reached XP level 1. HP: 16/16 MP: 1/1
     0 | D:1      | 4thArraOfDagon: bring me
    42 | D:2      | Reached skill level 1 in Unarmed Combat
    42 | D:2      | Reached XP level 2. HP: 16/24 MP: 2/2
   123 | D:2      | Reached skill level 2 in Unarmed Combat
   165 | D:2      | Noticed Terence
   178 | D:2      | Killed Terence
   178 | D:2      | Reached skill level 3 in Unarmed Combat
   178 | D:2      | Reached XP level 3. HP: 31/31 MP: 3/3
   293 | D:3      | Turgon: The tab limerick!
   293 | D:3      | 4thArraOfDagon: got it?
   297 | D:3      | Turgon: https://crawl.develz.org/tavern/viewtopic.php?f=17&t=13857&p=262327#p262327
   297 | D:3      | 4thArraOfDagon: bring it
   297 | D:3      | 4thArraOfDagon: tab tab tab how so
   297 | D:3      | 4thArraOfDagon: tab tab tab oh no
   297 | D:3      | 4thArraOfDagon: lol
   297 | D:3      | 4thArraOfDagon: oh wait is that a thread
   297 | D:3      | 4thArraOfDagon: full of limericks
   297 | D:3      | Turgon: yes, I did some
   297 | D:3      | Turgon: That's from me as well:
   297 | D:3      | Turgon: You took Chei and I'd like to ask why. Imagine an ogre comes by, it's too early to slouch instead, you read "Ouch! That really hurt!" and "You die..."
   297 | D:3      | 4thArraOfDagon: good ones
   297 | D:3      | 4thArraOfDagon: haha yea just read it
   297 | D:3      | 4thArraOfDagon: Chei the inspirational
   381 | D:3      | 4thArraOfDagon: can you write limerick about troll
   392 | D:3      | Turgon: I made a limerick about you! Don't you know it?
   408 | D:3      | 4thArraOfDagon: bring it bro
   422 | D:3      | Noticed azzavlup's ghost (amateur OgGl)
   427 | D:3      | 4thArraOfDagon: im not sure if im going to kill you
   427 | D:3      | 4thArraOfDagon: today or another time ^^
   556 | D:3      | Found a glowing silver altar of Zin.
   557 | D:3      | Noticed a centaur
   569 | D:3      | Turgon: ... searching ...
   573 | D:3      | Killed a centaur
   573 | D:3      | Reached skill level 4 in Unarmed Combat
   573 | D:3      | Reached XP level 4. HP: 26/39 MP: 2/4
   573 | D:3      | Reached XP level 5. HP: 30/45 MP: 2/5
   653 | D:4      | Reached skill level 5 in Unarmed Combat
   707 | D:4      | Noticed Pikel
   707 | D:4      | Noticed a slave
   709 | D:4      | Noticed a slave
   722 | D:4      | Noticed a slave
   725 | D:4      | Noticed a slave
   750 | D:4      | Killed Pikel
   750 | D:4      | Reached skill level 8 in Unarmed Combat
   750 | D:4      | Reached XP level 6. HP: 24/53 MP: 1/6
   750 | D:4      | Reached XP level 7. HP: 27/59 MP: 1/7
   771 | D:5      | Entered Level 5 of the Dungeon
   780 | D:5      | Found a blossoming altar of Fedhas.
   789 | D:5      | Turgon: New tavern reader couldn't believe how fast you were
   789 | D:5      | Turgon: And I answered:
   789 | D:5      | Turgon: https://crawl.develz.org/tavern/viewtopic.php?f=5&t=19339&p=262710#p262710
   792 | D:5      | Became a worshipper of Fedhas Madash
   793 | D:5      | 4thArraOfDagon: o wow thats brillant
   793 | D:5      | Turgon: However, personally I really like my tab limerick
   793 | D:5      | 4thArraOfDagon: unfortunately 4th cannot be faster than Sapher the Master
   793 | D:5      | Turgon: :-)
   793 | D:5      | 4thArraOfDagon: :D
   793 | D:5      | 4thArraOfDagon: yea well i will be looking forward for more
   836 | D:5      | Noticed Duvessa
   836 | D:5      | Noticed Dowan
   907 | D:6      | Turgon: So: double your efforts, play 0.16, find the early "Ring of Beat 19k" and get it!
   995 | D:6      | 4thArraOfDagon: im too old for this bullshit :S
  1003 | D:6      | Found an opulent altar of Gozag.
  1019 | D:6      | Found an ancient bone altar of Kikubaaqudgha.
  1020 | D:6      | Found a basalt altar of Yredelemnul.
  1058 | D:6      | Reached skill level 1 in Invocations
  1131 | D:6      | Turgon: And you're probably not that masochistic as Charly seems to be
  1253 | D:7      | Found Xian's Food Shop.
  1332 | D:6      | Found a glowing drain.
  1363 | Sewer    | Entered a sewer
  1453 | Sewer    | 4thArraOfDagon: hes cool
  1453 | Sewer    | Turgon: He suffered a lot
  1453 | Sewer    | 4thArraOfDagon: oh yeah martyrship
  1453 | Sewer    | 4thArraOfDagon: oh wait - its actually martyrdom
  1677 | D:7      | Reached skill level 9 in Unarmed Combat
  1677 | D:7      | Reached XP level 8. HP: 63/67 MP: 5/8
  1791 | D:7      | Gained mutation: Your spells are a little easier to cast, but a little less powerful. [mutagenic meat]
  1794 | D:7      | Gained mutation: You are dopey. (Int -2) [mutagenic meat]
  2090 | D:8      | 4thArraOfDagon: Turgon, do you play recently
  2106 | D:8      | 4thArraOfDagon: didnt see you playing for ages
  2207 | D:7      | Reached skill level 10 in Unarmed Combat
  2401 | D:8      | Reached XP level 9. HP: 74/74 MP: 11/11
  2478 | D:8      | Reached skill level 11 in Unarmed Combat
  2489 | D:8      | Reached skill level 5 in Invocations
  2560 | D:8      | Noticed a three-headed hydra
  2564 | D:8      | Killed a one-headed hydra
  2564 | D:8      | Reached skill level 12 in Unarmed Combat
  2699 | D:8      | Paralysed by a wasp for 3 turns
  2704 | D:8      | Reached XP level 10. HP: 41/81 MP: 7/13
  2829 | D:9      | Noticed 4thArraOfDagon's ghost (novice TrIE)
  2888 | D:9      | Found a radiant altar of Vehumet.
  2954 | D:9      | Found a shattered altar of Ashenzari.
  3075 | D:9      | Killed an unseen horror
  3218 | D:9      | Reached skill level 13 in Unarmed Combat
  3477 | D:9      | Reached * piety under Fedhas
  3617 | D:10     | Entered Level 10 of the Dungeon
  3697 | D:10     | Found a staircase to the Lair.
  3879 | D:11     | Found Coykhef's Assorted Antiques.
  3889 | D:11     | Found Qesicysask's General Store.
  3913 | D:11     | Bought a scroll of identify for 34 gold pieces
  3913 | D:11     | Bought a scroll of identify for 34 gold pieces
  3996 | D:11     | Noticed Erolcha
  4018 | D:11     | Paralysed by Erolcha for 6 turns
  4033 | D:11     | Killed Erolcha
  4033 | D:11     | Reached skill level 14 in Unarmed Combat
  4051 | D:11     | Reached XP level 11. HP: 67/88 MP: 11/15
  4169 | D:11     | Noticed Sonja
  4175 | D:11     | Noticed a red ugly thing
  4179 | D:11     | Killed a red ugly thing
  4192 | D:11     | Found Zoewolo's Antique Weapon Emporium.
  4227 | D:11     | Found a labyrinth entrance.
  4239 | Lab      | Entered a labyrinth
  4440 | Lab      | Noticed a minotaur
  4452 | Lab      | Killed a minotaur
  4481 | D:11     | Noticed Sonja
  4481 | D:11     | Sonja changed into Sonja the hippogriff
  4483 | D:11     | Killed Sonja the hippogriff
  4483 | D:11     | Reached skill level 1 in Fighting
  4515 | D:11     | Found Wagomer's Assorted Antiques.
  4523 | D:11     | Bought a murky purple potion for 25 gold pieces
  4523 | D:11     | Bought a scroll labeled ATWEPRUISA for 28 gold pieces
  4523 | D:11     | Bought an emerald potion for 25 gold pieces
  4744 | D:12     | Noticed a deep elf mage
  4759 | D:12     | Killed a deep elf mage
  4764 | D:12     | Noticed a hill giant
  4813 | D:12     | Killed a hill giant
  4839 | D:12     | Got a transparent quarterstaff
  4841 | D:12     | Identified the +12 quarterstaff "Foelli" {crush, -Tele Dex+2 Stlth+} (You found it on level 12 of the Dungeon)
  4848 | D:12     | Noticed a hill giant
  4887 | D:12     | Killed a hill giant
  5012 | D:12     | Noticed Nergalle
  5029 | D:12     | Noticed a hill giant
  5050 | D:12     | Killed a hill giant
  5083 | D:13     | Noticed a centaur warrior
  5261 | D:13     | Noticed a hill giant
  5276 | D:13     | Killed a hill giant
  5356 | D:13     | Killed a centaur warrior
  5356 | D:13     | Reached skill level 15 in Unarmed Combat
  5370 | D:13     | Noticed a deep elf mage
  5448 | D:13     | Killed from afar by a meliai

Vault maps used:
D:1:      mushboom_english_gardens, serial_bayou_lagoon_a
D:2:      kennysheep_generic_room_4, uniq_terence
D:3:      nicolae_overflow_crystal_walls, old_standard_altar,
          serial_co_window_serial, co_window_paths_a, co_window_corner_a,
          co_window_corner_a, co_window_paths_b, co_window_paths_a,
          co_window_broadway_b, co_window_broadway_a, co_window_corner_b,
          co_window_unsneaky_path_d, co_window_corner_b, co_window_paths_c,
          co_window_paths_e, glass_columns_a, glass_columns_a, glass_columns_a,
          glass_columns_b, guppyfry_early_lair_pool
D:4:      first_bread, uniq_grinder, uniq_pikel
D:5:      elyvilon_altar_4, basic_altar, fedhas_altar_1, uniq_duvessa
D:6:      grunt_temple_overflow_open, portal_sewer_entry_b,
          hangedman_glass_teeth
D:7:      serial_shops, shop
D:8:      nicolae_whirlpool, hangedman_ranch
D:9:      minmay_imperfect_grid, nicolae_overflow_hidden_temple,
          fiery_altar_vehumet
D:10:     minmay_smoke_and_mirrors, lair_0_dummy, hiddenorc2_lemuel,
          special_room, uniq_harold
D:11:     lab_entry_generic, serial_shops, shop_fountains, shop,
          nicolae_shop_behind_doors, nicolae_shop_overgrown_old_shop,
          uniq_erolcha, uniq_sonja
D:12:     minmay_holes, ashenzari_altar_1, uniq_nergalle
D:13:     david_vaults_4, eino_curves_01, uniq_maurice
Sewer:    sewer_co_cracked_pipes

Skill      XL: |  1  2  3  4  5  6  7  8  9 10 11 |
---------------+----------------------------------+-----
Unarmed Combat | 1 3 4 8 9 10 12 14 15 | 15.0
Invocations    | 2 4 6 7 8 |  8.9
Fighting       | 3 |  3.1
Dodging        | 3 |  3.5
Stealth        | |  1.1
Spellcasting   | |  1.2
Conjurations   | |  0.6
Ice Magic      | |  2.1

Action                   |  1- 3 |  4- 6 |  7- 9 | 10-12 || total
-------------------------+-------+-------+-------+-------++-------
Melee: Unarmed           |    84 |    40 |   332 |   358 ||   814
       Punch             |     1 |       |    12 |    24 ||    37
       Hand axe          |       |       |     3 |       ||     3
Throw: Throwing net      |       |       |       |     2 ||     2
Invok: Evolution         |       |       |       |     4 ||     4
Evoke: Wand              |       |       |       |    13 ||    13
       Phial of floods   |       |       |       |     1 ||     1
  Use: Potion            |     2 |       |       |    10 ||    12
       Scroll            |     1 |       |     5 |    19 ||    25
 Stab: Sleeping          |       |       |     5 |     4 ||     9
       Distracted        |       |       |       |     1 ||     1
  Eat: Chunk             |     5 |     6 |    24 |    18 ||    53
       Meat ration       |       |       |     1 |     2 ||     3
       Pizza             |       |       |       |     3 ||     3
       Beef jerky        |       |       |       |     1 ||     1
Armor: Robe              |    42 |     6 |   110 |    86 ||   244
       Skin              |       |       |       |    10 ||    10
Dodge: Dodged            |    85 |    16 |   126 |   184 ||   411
